 Dungeon Crawl Stone Soup version 0.19.3-4-gbf9329e (webtiles) character file.

67 Queen the Cudgeler (level 4, -1/42 HPs)
             Began as a Gargoyle Berserker on Jan 29, 2017.
             Was a Believer of Trog.
             Slain by Sigmund
             ... wielding a +0 scythe
              (3 damage)
             ... on level 3 of the Dungeon.
             The game lasted 00:03:26 (1936 turns).

Queen the Cudgeler (Gargoyle Berserker)             Turns: 1936, Time: 00:03:26

Health: -1/42      AC:  5    Str: 25    XL:     4   Next: 16%
Magic:  4/4        EV: 12    Int:  8    God:    Trog [**....]
Gold:   75         SH:  0    Dex: 10    Spells: 0 memorised, 3 levels left

rFire  . . .     SeeInvis .     a - +0 mace
rCold  . . .     Gourm    .     b - +0 animal skin
rNeg   + . .     Faith    .     (no shield)
rPois  ∞         Spirit   .     (no helmet)
rElec  +         Reflect  .     (no cloak)
rCorr  .         Harm     .     (no gloves)
MR     .....                    (no boots)
Stlth  ..........               (no amulet)
                                (no ring)
                                (no ring)

@: berserking (expiring), very quick
A: negative energy resistance 1, electricity resistance, unbreathing,
petrification resistance, rot immunity, AC +3
a: Berserk, Trog's Hand, Burn Spellbooks, Renounce Religion


You were on level 3 of the Dungeon.
You worshipped Trog.
Trog was pleased with you.
You were very hungry.

You visited 1 branch of the dungeon, and saw 3 of its levels.

You collected 75 gold pieces.

Inventory:

Hand Weapons
 a - a +0 mace (weapon)
Missiles
 l - 2 tomahawks (quivered)
 n - 2 silver tomahawks
 t - 9 javelins
Armour
 b - a +0 animal skin (worn)
Jewellery
 d - an uncursed ring of protection from fire {unknown}
 h - an uncursed amulet of rage {unknown}
Scrolls
 e - 3 scrolls of identify {unknown}
 p - 5 scrolls of teleportation {unknown}
 u - a scroll of fog {unknown}
Potions
 g - a potion of degeneration {unknown}
 i - 2 potions of curing {unknown}
 j - a potion of cancellation {unknown}
 k - 2 potions of haste {unknown}
 m - a potion of brilliance {unknown}
 o - a potion of resistance {unknown}
Books
 s - a book of Enchantments

   Spells                             Type                      Level
   a - Cause Fear                     Hexes                        4
   b - Yara's Violent Unravelling     Hexes/Transmutation          5
   c - Silence                        Hexes/Air                    5
   d - Deflect Missiles               Charms/Air                   6
   e - Discord                        Hexes                        8
   Trog disapproves of the use of such an item.
Comestibles
 c - 2 bread rations
 f - a meat ration
 q - a beef jerky


   Skills:
 - Level 3.2 Fighting
 + Level 4.9 Maces & Flails
 - Level 2.1 Armour
 - Level 1.5 Dodging


You had 3 spell levels left.
You didn't know any spells.

Dungeon Overview and Level Annotations

Branches:
Dungeon (3/15)

Altars:

Annotations:
D:3 Sigmund


Innate Abilities, Weirdness & Mutations

You are resistant to torment.
Your stone body is resilient. (AC +3)
You are immune to poison.
You resist negative energy. (rN+)
You are resistant to electric shocks. (rElec)
You can survive without breathing.
You are immune to petrification.
You are immune to rotting.


Message History

You are feeling very hungry.
Something hits you but does no damage.
You closely miss something. Something completely misses you.
You closely miss something. You closely miss something.
You bludgeon something!! Something hits you!
You completely miss something. Something hits you.
You hit something. You miss something.
You hear some strange, mumbled words.
A puff of flame appears from out of thin air!
The puff of flame hits you!
* * * LOW HITPOINT WARNING * * *
You barely miss something. Something hits you.
* * * LOW HITPOINT WARNING * * *
You miss something. You barely miss something. Something barely misses you.
You miss something. You closely miss something. Something hits you.
You die...

#.# #+# #.# #.#######
#.# #.......# #.#
##.#####.# #.#
##...####.###<#
#.....#.......#
#.#.#######...##.#.#####
#..<..{@..?#.......#
....######.#.##.(.## #
#......#.# ###.##...#
#.##### .# ..


There were no monsters in sight!

Vanquished Creatures
  2 adders (D:2)
  An ooze (D:2)
  2 dart slugs (D:1)
  A leopard gecko (D:2)
  6 bats
  2 giant cockroaches (D:2)
  5 goblins
  4 jackals (D:1)
  A ball python (D:1)
  4 frilled lizards (D:1)
  7 kobolds
  5 rats
40 creatures vanquished.

Vanquished Creatures (others)
  A plant (D:2)
1 creature vanquished.

Grand Total: 41 creatures vanquished

Notes
Turn   | Place    | Note
-------+----------+-------------------------------------------
     0 | D:1      | Queen the Gargoyle Berserker began the quest for the Orb.
     0 | D:1      | Reached XP level 1. HP: 14/14 MP: 1/1
   314 | D:1      | Reached XP level 2. HP: 14/19 MP: 2/2
   539 | D:1      | Reached skill level 4 in Maces & Flails
   626 | D:1      | Reached XP level 3. HP: 20/23 MP: 3/3
  1130 | D:2      | Found a faded altar of an unknown god.
  1148 | D:2      | Reached ** piety under Trog
  1358 | D:2      | Reached XP level 4. HP: 21/28 MP: 4/4
  1917 | D:3      | Noticed Sigmund
  1932 | D:3      | HP: 2/42 [something (4)]
  1936 | D:3      | Slain by Sigmund

Skill      XL: |  1  2 |
---------------+-------+-----
Maces & Flails | 4 |  4.9
Fighting       | |  3.2
Armour         | |  2.1
Dodging        | |  1.5

Action                   |  1- 3 |  4- 6 || total
-------------------------+-------+-------++-------
Melee: Mace              |   126 |    42 ||   168
Invok: Berserk           |       |     1 ||     1
 Stab: Sleeping          |     1 |       ||     1
  Eat: Chunk             |     1 |     2 ||     3
Armor: Animal skin       |    58 |    15 ||    73
Dodge: Dodged            |   124 |    15 ||   139
